 Dungeon Crawl Stone Soup version 0.18-a0-822-gb52b7b4 (webtiles) character file.

58 Raultor the Insei (level 3, -8/28 HPs)
             Began as a Draconian Transmuter on Dec 16, 2015.
             Killed by nerve-wracking pain
             ... invoked by an orc priest
              (9 damage)
             ... on level 4 of the Dungeon.
             The game lasted 00:04:38 (1510 turns).

Raultor the Insei (Draconian Transmuter)            Turns: 1510, Time: 00:04:38

Health: -8/28      AC:  5    Str: 12    XL:     3   Next: 75%
Magic:  6/6        EV: 14    Int: 13    God:
Gold:   48         SH:  0    Dex: 12    Spells: 1 memorised, 5 levels left

rFire  . . .     SeeInvis .       - Unarmed
rCold  . . .     Gourm    .     (armour unavailable)
rNeg   . . .     Faith    .     (no shield)
rPois  .         Spirit   .     (helmet restricted)
rElec  .         Dismiss  .     (no cloak)
rCorr  .         Reflect  .     (no gloves)
SustAt .         Harm     .     (boots currently unavailable)
MR     .....                    (no amulet)
Stlth  +.........               (no ring)
                                d - +2 ring of evasion

@: lethally poisoned (-8 -> -26), appendage (expiring), not resistant to hostile
enchantments, very unstealthy
A: unfitting armour, talons 3, cold-blooded, AC +5
a: End Transformation


You were on level 4 of the Dungeon.
You were not hungry.
You had grown temporary talons.
You visited 1 branch of the dungeon, and saw 4 of its levels.

You collected 48 gold pieces.

Inventory:

Missiles
 a - 30 arrows
Jewellery
 d - a +2 ring of evasion (left hand)
   (You found it on level 1 of the Dungeon)
Scrolls
 e - 2 scrolls of remove curse
 f - a scroll of immolation {unknown}
 h - a scroll of teleportation {unknown}
 i - a scroll of fear {unknown}
Books
 b - a book of Changes
Comestibles
 c - a bread ration {@e1}
 g - 7 chunks of flesh {@w0}


   Skills:
 - Level 1.1 Fighting
 - Level 1.7 Dodging
 + Level 3.6 Unarmed Combat
 - Level 2.0 Spellcasting
 * Level 3.5 Transmutations


You had 5 spell levels left.
You knew the following spells:

 Your Spells              Type           Power        Failure   Level  Hunger
a - Beastly Appendage     Trmt           ##....       8%          1    ##.....


Dungeon Overview and Level Annotations

Branches:
Dungeon (4/15)
 Temple: D:4-7

Altars:
Dithmenos
Kikubaaqudgha
Makhleb


Innate Abilities, Weirdness & Mutations

Your plain brown scales are hard (AC +5).
Your body does not fit into most forms of armour.
You are cold-blooded and may be slowed by cold attacks.
You have claws for feet.


Message History

There is a stone staircase leading down here.
You climb downwards.
There is a stone staircase leading up here.
You now have 48 gold pieces (gained 12).
e - 2 scrolls of remove curse (gained 1)
There is a stone staircase leading up here.
A giant newt comes into view.
The giant newt barely misses you.
You hit the giant newt.
You kill the giant newt!
No target in view!
You see here a robe.
An orc wizard comes into view. It is wielding a dagger.
The orc wizard shouts!
An orc comes into view.
The orc wizard points at you and mumbles some strange words.
The magic dart hits you!
The orc shouts!
An orc priest comes into view. It is wielding a club.
You take 1 damage, and have 27/28 hp.
Your feet morph into talons.
The orc priest shouts!
You now have 5/6 mp.
You hit the orc wizard. You barely miss the orc wizard.
The orc wizard hits you but does no damage.
The orc hits you.
You take 3 damage, and have 24/28 hp.
You closely miss the orc wizard. Your kick misses the orc wizard.
You tail-slap the orc wizard, but do no damage.
The orc wizard barely misses you.
The orc priest hits you but does no damage.
The orc misses you.
You hit the orc priest.
The orc wizard hits you but does no damage.
You hit the orc priest. The orc priest completely misses you.
The orc misses you.
You hit the orc priest but do no damage.
Your kick misses the orc priest.
You tail-slap the orc priest, but do no damage.
The orc wizard closely misses you. The orc hits you.
The orc priest barely misses you.
You take 1 damage, and have 23/28 hp.
You barely miss the orc priest.
You claw the orc priest, but do no damage.
The orc wizard hits you but does no damage.
The orc hits you.
The orc priest hits you but does no damage.
You take 3 damage, and have 20/28 hp.
You closely miss the orc priest.
The orc wizard gestures at you while chanting.
The magic dart hits you! The orc hits you but does no damage.
The orc priest misses you.
You hit the orc priest but do no damage.
You claw the orc priest, but do no damage.
You tail-slap the orc priest.
The orc wizard gestures wildly while chanting.
The orc wizard blinks!
The orc completely misses you.
The orc priest looks braver for a moment.
You closely miss the orc priest. Your kick misses the orc priest.
The orc misses you. The orc priest misses you.
MP restored: 6 You completely miss the orc priest.
Your kick misses the orc priest.
You tail-slap the orc priest, but do no damage.
The orc hits you. The orc priest barely misses you.
You take 2 damage, and have 18/28 hp.
You hit the orc priest but do no damage.
Your transformation is almost over.
You hit the orc priest.
The orc priest hits you but does no damage.
The orc hits you.
You take 2 damage, and have 16/28 hp.
You barely miss the orc priest.
Your tail-slap misses the orc priest.
The orc priest hits you with a club. The orc wizard hits you with a dagger.
The orc hits you but does no damage.
You take 7 damage, and have 9/28 hp.
MASSIVE DAMAGE!!
You hit the orc priest but do no damage.
Your kick misses the orc priest.
Your tail-slap misses the orc priest.
The orc priest misses you.
The orc wizard hits you but does no damage.
The orc hits you but does no damage.
You hit the orc priest.
You claw the orc priest, but do no damage.
The orc priest hits you with a club.
* * * LOW HITPOINT WARNING * * *
The orc wizard hits you with a dagger.
* * * LOW HITPOINT WARNING * * *
The orc closely misses you.
You take 6 damage, and have 3/28 hp.
MASSIVE DAMAGE!!
Drink which item? (? for menu, Esc to quit)
It was a potion of poison.
That liquid tasted very nasty...
You are lethally poisoned!
* * * LOW HITPOINT WARNING * * *
You feel sick. The orc wizard misses you.
The orc priest calls down the wrath of Beogh upon you.
Pain shoots through your body!
You die...

######.##.#####..##.#
..#.......#...#..##.#
#...#...#........##.#
######.########..##.#
# #.# ###..##..
######.# #.....###
.......# #.##..######
#####... ...
#@o.....# # .## ###
#oo####.# # .$... #
%.####.# # .#. # #.##
#


You could see an orc priest, an orc wizard and an orc.

Vanquished Creatures
  2 adders
  2 giant geckos (D:1)
  6 bats
  4 giant cockroaches
  7 hobgoblins
  A quokka (D:2)
  2 giant newts
  5 goblins
  4 kobolds
  5 rats
38 creatures vanquished.

Notes
Turn   | Place    | Note
--------------------------------------------------------------
     0 | D:1      | Raultor the Draconian Transmuter began the quest for the Orb.
     0 | D:1      | Reached XP level 1. HP: 16/16 MP: 3/3
   320 | D:1      | Reached XP level 2. HP: 14/23 MP: 5/5
   727 | D:1      | Reached skill level 3 in Transmutations
   935 | D:2      | Found a burning altar of Makhleb.
   935 | D:2      | Found an ancient bone altar of Kikubaaqudgha.
   942 | D:2      | Reached XP level 3. HP: 24/28 MP: 6/6
  1334 | D:2      | You fall through a shaft for 2 floors!
  1381 | D:3      | Found a shadowy altar of Dithmenos.
  1509 | D:4      | HP: 4/28 [orc priest/club (5)]
  1510 | D:4      | HP: 1/28 [poison (a potion of poison)]
  1510 | D:4      | Killed from afar by an orc priest

Vault maps used:
D:1:      dpeg_arrival_arbitrary_b, due_unseen_surprise
D:2:      grunt_temple_overflow_open
D:3:      nicolae_overflow_hidden_temple, minitemple, supply_closet_lemuel
D:4:      temple_green, first_bread, serial_bayou_pond_e, st_stairs_14

Action                   || total
-------------------------++-------
Melee: Unarmed           ||   157
 Cast: Beastly Appendage ||     4
  Use: Potion            ||     4
       Scroll            ||     3
 Stab: Sleeping          ||     2
  Eat: Chunk             ||     2

Vault maps used:
D:1:      dpeg_arrival_arbitrary_b, due_unseen_surprise
D:2:      grunt_temple_overflow_open
D:3:      nicolae_overflow_hidden_temple, minitemple, supply_closet_lemuel
D:4:      temple_green, first_bread, serial_bayou_pond_e, st_stairs_14

Table legend:
 A = Turns spent in this place as a percentage of turns spent in the entire game.
 B = Non-inter-level travel turns spent in this place as a percentage of non-inter-level travel turns spent in the entire game.
 C = Inter-level travel turns spent in this place as a percentage of turns spent in this place.
 D = Turns resting spent in this place as a percentage of non-inter-level travel turns spent in this place.
 E = Turns spent auto-exploring this place as a percentage of non-inter-level travel turns spent in this place.
 F = Non-inter-level travel turns spent in this place divided by the number of levels of this place that you've seen.
                   A       B       C       D       E      F
               +-------+-------+-------+-------+-------+----------------------
         Total | 100.0 | 100.0 |   0.7 |   1.7 |  11.8 | 103.5
       Dungeon | 100.0 | 100.0 |   0.7 |   1.7 |  11.8 | 103.5
               +-------+-------+-------+-------+-------+----------------------

Table legend:
 A = Kills in this place as a percentage of kills in entire the game.
 B = Kills by you in this place as a percentage of kills by you in the entire game.
 C = Kills by friends in this place as a percentage of kills by friends in the entire game.
 D = Other kills in this place as a percentage of other kills in the entire game.
 E = Experience gained in this place as a percentage of experience gained in the entire game.
 F = Experience gained in this place divided by the number of levels of this place that you have seen.
                   A       B       C       D       E      F
               +-------+-------+-------+-------+-------+----------------------
         Total | 100.0 | 100.0 |  -nan |  -nan | 100.0 |  20.8
       Dungeon | 100.0 | 100.0 |  -nan |  -nan | 100.0 |  20.8
               +-------+-------+-------+-------+-------+----------------------
